 Dungeon Crawl Stone Soup version 0.30-a0-469-g84de5afbc5 (webtiles) character file.

Game seed: 9287271526492348817

60 brightshaft the Shooter (level 3, -3/29 HPs)
             Began as a Demigod Hunter on Dec 19, 2022.
             Slain by Terence
             ... wielding a +0 short sword
              (5 damage)
             ... on level 2 of the Dungeon.
             The game lasted 00:01:27 (540 turns).

brightshaft the Shooter (Demigod Hunter)             Turns: 540, Time: 00:01:28

Health: -3/29      AC:  3    Str: 12    XL:     3   Next: 57%
Magic:  5/5        EV: 12    Int: 11    God:
Gold:   66         SH:  0    Dex: 21    Spells: 2/2 levels left

rFire   . . .      SeeInvis .    a - +0 shortbow
rCold   . . .      Faith    .    (shield currently unavailable)
rNeg    . . .      Spirit   .    c - +0 leather armour
rPois   .          Reflect  .    (no helmet)
rElec   .          Harm     .    (no cloak)
rCorr   .          Rampage  .    (no gloves)
Will    .....                    (no boots)
Stlth   ++........               (no amulet)
HPRegen 0.24/turn                (no ring)
MPRegen 0.09/turn                (no ring)

@: attractive, flying
A: high MP 1, forlorn, divine attributes
a: no special abilities


You were on level 2 of the Dungeon.
You visited 1 branch of the dungeon, and saw 2 of its levels.

You collected 66 gold pieces.

Inventory:

Hand Weapons
 a - a +0 shortbow (weapon)
Armour
 c - a +0 leather armour (worn)
Jewellery
 e - a ring of wizardry
Scrolls
 b - a scroll of immolation
Potions
 f - a potion of haste {unknown}
 h - a potion of degeneration {unknown}


   Skills:
 - Level 1.7 Fighting
 + Level 5.0 Ranged Weapons
 - Level 1.7 Dodging
 - Level 0.8 Stealth


You had 2 spell levels left.
You didn't know any spells.
Your spell library was empty.

Dungeon Overview and Level Annotations

Branches:
Dungeon (2/15)

Annotations:
D:2 Terence


Innate Abilities, Weirdness & Mutations

You have an increased reservoir of magic. (+10% MP)
You shall have no god before yourself.
Your divine heritage dramatically boosts your attributes as you level up.


Message History

Press: ? - help, Q - select action Shift-Dir - straight line, f/p - Terence
Aim: Terence, wielding a +0 short sword and wearing a +0 chain mail (moderately wounded, 71% to hit)
You shoot an arrow.
The arrow hits Terence but does no damage.
Terence is moderately wounded.
Terence says, "How do you enjoy it?" Terence hits you with a +0 short sword.
* * * LOW HITPOINT WARNING * * *
Terence hits you with a +0 short sword.
* * * LOW HITPOINT WARNING * * *
It was a potion of attraction.
You feel attractive to monsters.
A hobgoblin comes into view.
Terence hits you with a +0 short sword.
* * * LOW HITPOINT WARNING * * *
Fire: a) +0 shortbow
Press: ? - help, Q - select action Shift-Dir - straight line, f/p - Terence
Aim: Terence, wielding a +0 short sword and wearing a +0 chain mail (moderately wounded, 71% to hit)
You shoot an arrow. The arrow barely misses Terence.
The arrow hits the adder but does no damage.
Terence closely misses you.
Fire: a) +0 shortbow
Press: ? - help, Q - select action Shift-Dir - straight line, f/p - Terence
Aim: Terence, wielding a +0 short sword and wearing a +0 chain mail (moderately wounded, 71% to hit)
You shoot an arrow. The arrow hits Terence.
Terence is moderately wounded.
Something unseen opens the door.
Terence misses you.
Fire: a) +0 shortbow
Press: ? - help, Q - select action Shift-Dir - straight line, f/p - Terence
Aim: Terence, wielding a +0 short sword and wearing a +0 chain mail (moderately wounded, 71% to hit)
You shoot an arrow. The arrow hits Terence.
Terence is heavily wounded.
Terence hits you with a +0 short sword.
* * * LOW HITPOINT WARNING * * *
A hobgoblin comes into view.
The hobgoblin is attracted toward you.
It was a potion of flight.
You feel very buoyant.
You fly up into the air.
Terence hits you with a +0 short sword.
You die...

#.# ยง.# #.. ..
#.#
##..###g#######
.......g.......
#S# #@# #@######
###.....(#
#........#
#.##.....#
#........##
###.......#
#.......######.#
#.#............#
#.+..^..########


You could see Terence, an adder and 2 hobgoblins.

Vanquished Creatures
  Jessica (D:2)
  A dart slug (D:2)
  2 endoplasms (D:1)
  5 goblins
  2 hobgoblins
  6 jackals (D:1)
  A kobold (D:1)
  3 ball pythons (D:1)
  4 bats (D:1)
  4 rats
29 creatures vanquished.

Notes
Turn   | Place    | Note
-------+----------+-------------------------------------------
     0 | D:1      | brightshaft the Demigod Hunter began the quest for the Orb.
     0 | D:1      | Reached XP level 1. HP: 17/17 MP: 3/3
    75 | D:1      | Reached skill level 4 in Ranged Weapons
    92 | D:1      | Reached XP level 2. HP: 24/24 MP: 4/4
   496 | D:2      | Reached XP level 3. HP: 29/29 MP: 5/5
   520 | D:2      | Noticed Jessica
   525 | D:2      | Killed Jessica
   526 | D:2      | Reached skill level 5 in Ranged Weapons
   526 | D:2      | Noticed Terence
   540 | D:2      | Slain by Terence

Illustrated notes

Levels and vault maps discovered:
D:1:      dpeg_arrival_rooms_c, layout_rooms
D:2:      kennysheep_big_flooded_room, layout_basic, serial_shops, shop,
          uniq_jessica, uniq_terence

Skill      XL: |  1  2  3 |
---------------+----------+-----
Ranged Weapons | 4 5 |  5.0
Fighting       | |  1.7
Dodging        | |  1.7
Stealth        | |  0.8

Action                   || total
-------------------------++-------
 Fire: Shortbow          ||    79
  Use: Scroll            ||     1
       Potion            ||     2
Armor: Leather armour    ||     6
Dodge: Dodged            ||    30

Table legend: (Time is in decaauts)
 A = Elapsed time spent in this place.
 B = Non-inter-level travel time spent in this place.
 C = Inter-level travel time spent in this place.
 D = Time resting spent in this place.
 E = Time spent auto-exploring this place.
 F = Levels seen in this place.
 G = Mean time per level.
                   A        B        C        D        E       F      G
               +--------+--------+--------+--------+--------+-----+--------+
         Total |    565 |    530 |     35 |      0 |    350 |   2 |  282.5 |
       Dungeon |    565 |    530 |     35 |      0 |    350 |   2 |  282.5 |
               +--------+--------+--------+--------+--------+-----+--------+

Top non-repeatable levels by time:
     D:1: 487 daAuts
     D:2: 78 daAuts
